 Dungeon Crawl Stone Soup version 0.30-a0-760-g5a9884bb7c (webtiles) character file.

Game seed: 16192046780386400432

25 Armakuni the Sneak (level 3, -7/29 HPs)
             Began as a Human Delver on Feb 11, 2023.
             Shot with an arrow by a centaur (9 damage)
             ... on level 6 of the Dungeon.
             The game lasted 00:05:15 (227 turns).

Armakuni the Sneak (Human Delver)                    Turns: 227, Time: 00:05:15

Health: -7/29      AC:  3    Str: 12    XL:     3   Next: 17%
Magic:  3/3        EV: 12    Int: 10    God:
Gold:   0          SH:  0    Dex: 16    Spells: 2/2 levels left

rFire   . . .      SeeInvis .    a - +0 falchion (venom)
rCold   . . .      Faith    .    (no shield)
rNeg    . . .      Spirit   .    b - +0 leather armour
rPois   .          Reflect  .    (no helmet)
rElec   .          Harm     .    (no cloak)
rCorr   .          Rampage  .    (no gloves)
Will    .....                    (no boots)
Stlth   +                        (no amulet)
HPRegen 0.24/turn                (no ring)
MPRegen 0.08/turn                (no ring)

@: confused
A: no striking features
a: no special abilities


You were on level 6 of the Dungeon.
You visited 1 branch of the dungeon, and saw 3 of its levels.

Inventory:

Hand Weapons
 a - a +0 falchion of venom (weapon)
Armour
 b - a +0 leather armour (worn)
Wands
 k - a wand of digging (2)


   Skills:
 + Level 3.3 Fighting
 + Level 2.4 Long Blades
 + Level 2.4 Dodging
 + Level 5.2 Stealth


You had 2 spell levels left.
You didn't know any spells.
Your spell library was empty.

Dungeon Overview and Level Annotations

Branches:
Dungeon (7/15)
 Temple: D:4-7

Altars:

Portals:
Abyss: D:6

Annotations:
D:6 MCDelver's ghost, novice OpFE


Message History

Unknown command.
You aren't carrying any scrolls.
Unknown command.
Your extra speed is starting to run out.
You hear a shout!
An orc wizard comes into view. It is wielding a +0 dagger.
The orc priest mumbles some strange prayers to Beogh against you.
Pain shoots through your body!
The orc priest looks encouraged for a moment.
The orc wizard gestures at you while chanting.
You resist with significant effort.
An orc comes into view. It is wielding a +0 hand axe.
A centaur comes into view.
The orc wizard gestures at you while chanting.
You are confused.
The orc priest mumbles some strange prayers to Beogh against you.
Beogh smites you!
You bump into the rock wall.
The centaur wields a +0 shortbow.
The centaur shoots an arrow.
The arrow misses you.
You hear a shout!
You hear an angry hiss.
You bump into the rock wall.
The centaur shoots an arrow.
The arrow hits you.
You are too confused!
You aren't carrying any potions.
Unknown command.
You are too confused!
Unknown command.
You aren't carrying any potions.
Unknown command.
You bump into the rock wall.
You feel yourself slow down.
An orc comes into view. It is wielding a +0 whip.
The centaur shoots an arrow.
The arrow hits you!
* * * LOW HITPOINT WARNING * * *
The orc wizard barely misses you.
A steam dragon comes into view.
The orc wizard attacks as you move away!
The orc wizard hits you but does no damage.
The orc attacks as you move away! The orc hits you but does no damage.
The centaur shoots an arrow.
The arrow hits you!
You die...

#. #. #.##.# ..
.##..#.# o.
.......# #.
#...#..## #.##
#.....## #+
#..#####.o..###...#
#....#..o....co8..
##
###....§○§..@###D..
...#..<.##☼.☼..## .
#?.......§§§O##
.##..####....o.#
.....####...o..#
.###o#......##.##
.(........)..#...
...................
..............#####


You could see an ogre (inner flame), a centaur, an orc priest (inner flame), an
orc wizard and 3 orcs.

Vanquished Creatures
  An iguana (D:6)
1 creature vanquished.

Vanquished Creatures (others)
  A hound (D:5)
1 creature vanquished.

Grand Total: 2 creatures vanquished

Notes
Turn   | Place    | Note
-------+----------+-------------------------------------------
     0 | D:5      | Armakuni the Human Delver began the quest for the Orb.
     0 | D:5      | Reached XP level 1. HP: 18/18 MP: 1/1
     3 | D:6      | Noticed an ogre
    26 | D:5      | Noticed a hound
    47 | D:5      | Noticed a phantom
    49 | D:5      | Noticed a hound
    65 | D:5      | Killed a hound
   107 | D:5      | Noticed a phantom
   143 | D:5      | Noticed a centaur
   171 | D:6      | Noticed an orc priest
   178 | D:6      | Found a one-way gate to the infinite horrors of the Abyss.
   178 | D:6      | Noticed MCDelver's ghost (novice OpFE)
   183 | D:6      | Noticed an orc warrior
   184 | D:6      | Noticed an iron imp
   184 | D:6      | Noticed a cyan ugly thing
   194 | D:6      | Noticed a phantom
   201 | D:7      | Noticed a sky beast
   201 | D:7      | Noticed an orc wizard
   204 | D:7      | Noticed an iguana
   216 | D:6      | Killed an iguana
   217 | D:6      | Reached XP level 2. HP: 24/24 MP: 2/2
   217 | D:6      | Reached XP level 3. HP: 29/29 MP: 3/3
   222 | D:6      | Noticed a centaur
   226 | D:6      | HP: 1/29 [centaur/arrow (12)]
   226 | D:6      | Noticed a steam dragon
   227 | D:6      | Shot with an arrow by a centaur

Illustrated notes

Levels and vault maps discovered:
D:5:      lemuel_ice_spiral_2, layout_rooms, led_sif_pool, chequers_jeans,
          doesnt_shop_hydraphobe
D:6:      cheibrodos_barr_body, layout_rooms, mainiacjoe_overflow_boulevard,
          gammafunk_ghost_abyssal_escape
D:7:      layout_basic, temple_statues, hangedman_abyss_or_decor_stabs

Action                     || total
---------------------------++-------
  Melee: Falchion          ||     1
  Evoke: Wand              ||     1
    Use: Scroll            ||     6
         Potion            ||     1
   Stab: Sleeping          ||     1
 Armour: Leather armour    ||     3
  Dodge: Dodged            ||     4

Table legend: (Time is in decaauts)
 A = Elapsed time spent in this place.
 B = Non-inter-level travel time spent in this place.
 C = Inter-level travel time spent in this place.
 D = Time resting spent in this place.
 E = Time spent auto-exploring this place.
 F = Levels seen in this place.
 G = Mean time per level.
                   A        B        C        D        E       F      G
               +--------+--------+--------+--------+--------+-----+--------+
         Total |    210 |    210 |      0 |      0 |      0 |   3 |   70.0 |
       Dungeon |    210 |    210 |      0 |      0 |      0 |   3 |   70.0 |
               +--------+--------+--------+--------+--------+-----+--------+

Top non-repeatable levels by time:
     D:5: 166 daAuts
     D:6: 33 daAuts
     D:7: 9 daAuts
